 Dungeon Crawl Stone Soup version 0.29-a0-90-gc37658a0fe (webtiles) character file.

Game seed: 6512764547991176382

1976 Gargoyl the Cudgeller (level 9, -1/56 HPs)
             Began as a Gargoyle Abyssal Knight on Feb 6, 2022.
             Was a Priest of Lugonu.
             Slain by a white ugly thing (18 damage)
             ... on level 7 of the Dungeon.
             The game lasted 00:10:53 (7524 turns).

Gargoyl the Cudgeller (Gargoyle Abyssal Knight)     Turns: 7524, Time: 00:10:54

Health: -1/56      AC: 19    Str: 24    XL:     9   Next: 20%
Magic:  10/10      EV:  9    Int: 12    God:    Lugonu [***...]
Gold:   433        SH:  0    Dex: 10    Spells: 8/8 levels left

rFire   + . .      SeeInvis .   c - +6 morningstar of Iconoclasm {elec, rN+ Str+4}
rCold   . . .      Faith    .   t - orb {mayhem}
rNeg    + + .      Spirit   .   o - +0 chain mail
rPois   ∞          Reflect  .   i - +0 helmet
rElec   +          Harm     .   (no cloak)
rCorr   .          Rampage  .   u - +0 pair of gloves
Will    .....                   (no boots)
Stlth   ..........              (no amulet)
HPRegen 0.18/turn               e - ring of protection from fire
MPRegen 0.12/turn               (no ring)

@: no status effects
A: sickness immunity, AC +6, negative energy resistance 1, electricity
resistance, torment resistance 1, petrification resistance
a: Renounce Religion, Depart the Abyss, Bend Space, Banish


You were on level 7 of the Dungeon.
You worshipped Lugonu.
Lugonu was most pleased with you.
You visited 1 branch of the dungeon, and saw 7 of its levels.
You visited the Abyss 1 time.

You collected 433 gold pieces.

Inventory:

Hand Weapons
 a - a +1 hand axe
 c - the +6 morningstar of Iconoclasm (weapon) {elec, rN+ Str+4}
   (You found it on level 3 of the Dungeon)

   It occasionally discharges a powerful burst of electricity upon striking a
   foe.
   Str:       It affects your strength (+4).
   rN:        It protects you from negative energy.
 m - a +4 war axe
Missiles
 h - 21 poisoned darts (quivered)
Armour
 i - a +0 helmet (worn)
 o - a +0 chain mail (worn)
 t - an orb of mayhem (worn)
 u - a +0 pair of gloves (worn)
Jewellery
 e - a ring of protection from fire (left hand)
Wands
 g - a wand of flame (20)
 q - a wand of mindburst (10)
 y - a wand of iceblast (7)
 z - a wand of paralysis (13)
Scrolls
 p - 2 scrolls of identify
 v - a scroll of torment {unknown}
 w - a scroll of summoning {unknown}
Potions
 b - a potion of haste
 d - 5 potions of brilliance
 j - 2 potions of curing
 k - 4 potions of heal wounds
 l - 2 potions of resistance
 n - 3 potions of ambrosia
 s - a potion of might {unknown}
 x - a potion of mutation {unknown}


   Skills:
 + Level 6.5 Fighting
 + Level 3.2(5.6) Axes
 + Level 7.9(8.3) Maces & Flails
 + Level 1.0 Throwing
 + Level 6.0 Armour
 + Level 2.0 Dodging
 + Level 1.3 Stealth
 + Level 2.1 Invocations


You had 8 spell levels left.
You didn't know any spells.
Your spell library contained the following spells:

 Spells                   Type           Power      Damage    Failure   Level
 Magic Dart               Conj           0%         1d3       91%         1
 Searing Ray              Conj           0%         2d4       97%         2
 Ozocubu's Armour         Ice            0%         N/A       99%         3
 Summon Guardian Golem    Hex/Summ       0%         N/A       99%         3
 Fulminant Prism          Conj/Hex       0%         3d6       100%        4
 Orb of Destruction       Conj           0%         9d5       100%        7
 Ozocubu's Refrigeration  Ice            0%         4d5       100%        7
 Spellforged Servitor     Conj/Summ      0%         N/A       100%        7


Dungeon Overview and Level Annotations

Branches:
Dungeon (7/15)             Temple (0/1) D:7

Altars:
Ashenzari
Elyvilon
Hepliaklqana
Kikubaaqudgha
Okawaru
Ru
Yredelemnul
The Shining One

Annotations:
D:7 1 runed translucent door


Innate Abilities, Weirdness & Mutations

You are immune to sickness and miasma.
Your stone body is resilient. (AC +6)
You are immune to poison.
You resist negative energy. (rN+)
You are resistant to electric shocks. (rElec)
You are resistant to unholy torment.
You are immune to petrification.


Message History

As you read the scroll labelled DYUNIH NUNE, it crumbles to dust.
You feel strangely unstable.
It was a scroll of teleportation.
The centaur wields a +0 shortbow.
The centaur shoots an arrow.
The arrow hits you but does no damage.
The centaur shoots an arrow.
The arrow hits you but does no damage.
The gnoll sergeant hits you with a +0 spear of pain.
The steam dragon bites you but does no damage.
The steam dragon claws you but does no damage.
The centaur shoots an arrow.
The arrow barely misses you. The gnoll sergeant closely misses you.
The centaur unwields a +0 shortbow.
The centaur hits you.
The centaur kicks you but does no damage.
A wraith comes into view.
Unknown command.
You hit the centaur.
The centaur is moderately wounded.
Your surroundings suddenly seem different.
Unknown command.
Unknown command.
You start resting.
HP restored.
A white ugly thing comes into view.
The white ugly thing gurgles horribly!
You bludgeon the white ugly thing!!
The white ugly thing is moderately wounded.
The white ugly thing barely misses you.
You puncture the white ugly thing!
The white ugly thing is heavily wounded.
The white ugly thing tentacle-slaps you but does no damage.
The white ugly thing tentacle-slaps you.
The white ugly thing freezes you!!
Ouch! That really hurt!
You barely miss the white ugly thing.
The white ugly thing is heavily wounded.
The white ugly thing barely misses you.
You hit the white ugly thing.
The white ugly thing is heavily wounded.
The white ugly thing tentacle-slaps you.
The white ugly thing freezes you!!
You die...

...# ##.....## #..#####
###.....##
.......###......##
..........^....##
..............##
.............##
............## ########
......#....######......#
##...##........u@.....##
#######.........######
#.....##### ##.#### #.#
#.## #..## ##..# ##...#


You could see a white ugly thing.

Vanquished Creatures
  Prince Ribbit (D:6)
  Eustachio (D:5)
  Edmund (D:5)
  A water moccasin (D:6)
  An ice beast (D:5)
  2 black bears (D:7)
  An ogre (D:5)
  A phantom (D:7)
  A kobold brigand (D:6)
  3 bullfrogs (D:7)
  A howler monkey (D:5)
  A bullfrog zombie (D:6)
  5 hounds
  2 jellies (D:6)
  An orc priest (D:5)
  A centaur skeleton (D:7)
  A human skeleton (D:7)
  An iguana (D:3)
  An orc wizard (D:6)
  A killer bee zombie (D:6)
  2 hound skeletons
  10 adders
  4 gnolls (D:6)
  A shadow imp (D:7)
  3 white imps
  2 adder skeletons (D:4)
  2 worms
  A dart slug (D:3)
  21 orcs
  6 endoplasms
  4 giant cockroaches
  9 goblins
  10 hobgoblins
  3 jackals (D:3)
  11 kobolds
  2 quokkas (D:1)
  8 ball pythons
  6 bats
  2 frilled lizards (D:1)
  9 rats
144 creatures vanquished.

Notes
Turn   | Place    | Note
-------+----------+-------------------------------------------
     0 | Abyss:1  | Gargoyl the Gargoyle Abyssal Knight began the quest for the
                  | Orb.
     0 | Abyss:1  | Reached XP level 1. HP: 14/14 MP: 2/2
     6 | D:1      | Escaped the Abyss
   262 | D:1      | Reached XP level 2. HP: 13/19 MP: 3/3
   448 | D:1      | Reached * piety under Lugonu
  1220 | D:1      | Reached skill level 1 in Dodging
  1220 | D:1      | Reached XP level 3. HP: 24/24 MP: 4/4
  2757 | D:3      | Reached XP level 4. HP: 29/29 MP: 5/5
  2952 | D:3      | Reached XP level 5. HP: 28/34 MP: 6/6
  3037 | D:3      | Reached ** piety under Lugonu
  3148 | D:3      | Identified the +6 morningstar of Iconoclasm {elec, rN+
                  | Str+4}
  3631 | D:3      | Found a glowing golden altar of the Shining One.
  3710 | D:3      | Found a hazy altar of Hepliaklqana.
  3885 | D:4      | Reached XP level 6. HP: 35/39 MP: 7/7
  3966 | D:4      | Reached skill level 1 in Maces & Flails
  4066 | D:4      | You fall into a shaft and drop 3 floors!
  4116 | D:7      | Reached skill level 2 in Maces & Flails
  4256 | D:7      | Found a staircase to the Ecumenical Temple.
  4270 | D:7      | Reached skill level 3 in Maces & Flails
  4270 | D:7      | Reached XP level 7. HP: 44/44 MP: 8/8
  4294 | D:7      | Found a runed translucent door.
  4294 | D:7      | Noticed a human
  4301 | D:7      | Found a basalt altar of Yredelemnul.
  4330 | D:7      | Reached skill level 5 in Fighting
  4353 | D:7      | Reached skill level 4 in Maces & Flails
  4363 | D:6      | Found a white marble altar of Elyvilon.
  4451 | D:6      | Noticed Prince Ribbit
  4496 | D:6      | Killed Prince Ribbit
  4497 | D:6      | Reached skill level 5 in Maces & Flails
  4497 | D:6      | Reached skill level 5 in Armour
  4497 | D:6      | Reached skill level 1 in Stealth
  4497 | D:6      | Reached XP level 8. HP: 13/50 MP: 9/9
  4793 | D:5      | Entered Level 5 of the Dungeon
  4864 | D:5      | Reached *** piety under Lugonu
  5039 | D:5      | Reached skill level 6 in Maces & Flails
  5512 | D:5      | Noticed Edmund
  5524 | D:5      | Killed Edmund
  5726 | D:5      | Noticed Eustachio
  5764 | D:5      | Killed Eustachio
  6032 | D:5      | Reached skill level 7 in Maces & Flails
  6032 | D:5      | Reached skill level 1 in Throwing
  6032 | D:5      | Reached XP level 9. HP: 56/56 MP: 10/10
  6332 | D:6      | Found an iron altar of Okawaru.
  6392 | D:6      | Found a sacrificial altar of Ru.
  6714 | D:6      | Found a broken altar of Ashenzari.
  6718 | D:6      | Saw a vision of the Shoals and the Snake Pit.
  6718 | D:6      | Noticed a wind drake
  6718 | D:6      | Noticed a merfolk siren
  6718 | D:6      | Noticed a wind drake
  6718 | D:6      | Noticed a naga sharpshooter
  6718 | D:6      | Noticed a naga sharpshooter
  6718 | D:6      | Noticed a mana viper
  6718 | D:6      | Noticed a naga mage
  6718 | D:6      | Noticed a naga sharpshooter
  6718 | D:6      | Noticed a mana viper
  6719 | D:6      | Noticed a merfolk siren
  6963 | D:6      | Found an ancient bone altar of Kikubaaqudgha.
  7509 | D:7      | Noticed a white ugly thing
  7524 | D:7      | Slain by a white ugly thing

Illustrated notes

Levels and vault maps discovered:
D:1:      onia_arrival_mini_maze, layout_basic, serial_rivers,
          chequers_serial_rivers_small_a, chequers_serial_rivers_micro_c,
          chequers_serial_rivers_micro_c, chequers_serial_rivers_micro_a,
          chequers_serial_rivers_large_a, chequers_serial_rivers_micro_c,
          moated_statue
D:2:      layout_basic, chequers_decorated_corner
D:3:      minmay_chambers_of_twos, layout_rooms, tso_oasis_becter,
          mainiacjoe_overflow_alcove_4, corexii_leaking_fountain,
          minmay_diced_spiral
D:4:      layout_cave_pools
D:5:      layout_loops_ring, uniq_eustachio, uniq_edmund
D:6:      layout_loops_ring, nicolae_ru_path_of_blood,
          nicolae_kikubaaqudgha_miasma_corner, grunt_ashenzari_visionary
          [grunt_ashenzari_visionary_shoals, grunt_ashenzari_visionary_snake],
          mainiacjoe_overflow_brackets, lemuel_round_altar,
          supply_closet_lemuel, uniq_prince_ribbit1
D:7:      layout_cave_pods, dk_yredelemnul_ordeal,
          nicolae_qazlal_style_of_elements, minmay_temple_entry_sparse_star,
          roderic_lattice_a, dk_vineyard_2, minmay_the_grid_2x2
          [minmay_the_grid_minigrid_small_alt, minmay_the_grid_diamond_grid,
          minmay_the_grid_large_cup, minmay_the_grid_prize_trominoes],
          uniq_pikel

Skill      XL: |  1  2  3  4  5  6  7  8  9 |
---------------+----------------------------+-----
Axes           | 2 3 |  3.2
Dodging        | 1 2 |  2.0
Fighting       | 4 5 6 |  6.5
Armour         | 3 4 5 6 |  6.0
Maces & Flails | 3 5 7 |  7.9
Stealth        | 1 |  1.3
Throwing       | 1 |  1.0
Invocations    | |  2.1

Action                   |  1- 3 |  4- 6 |  7- 9 || total
-------------------------+-------+-------+-------++-------
Melee: Hand axe          |    94 |    62 |       ||   156
       Punch             |       |     1 |       ||     1
       Morningstar       |       |    73 |   158 ||   231
Throw: Dart              |       |       |     8 ||     8
Invok: Depart the Abyss  |     1 |       |       ||     1
  Use: Scroll            |     4 |     8 |     2 ||    14
       Potion            |       |       |     2 ||     2
Armor: Leather armour    |    10 |       |       ||    10
       Ring mail         |    42 |    77 |       ||   119
       Chain mail        |       |    38 |   116 ||   154
Dodge: Dodged            |    63 |    97 |    63 ||   223

Table legend: (Time is in decaauts)
 A = Elapsed time spent in this place.
 B = Non-inter-level travel time spent in this place.
 C = Inter-level travel time spent in this place.
 D = Time resting spent in this place.
 E = Time spent auto-exploring this place.
 F = Levels seen in this place.
 G = Mean time per level.
                   A        B        C        D        E       F      G
               +--------+--------+--------+--------+--------+-----+--------+
         Total |   7625 |   7485 |    140 |    485 |   5474 |   8 |  953.1 |
       Dungeon |   7619 |   7479 |    140 |    485 |   5469 |   7 | 1088.4 |
         Abyss |      6 |      6 |      0 |      0 |      5 |   1 |    6.0 |
               +--------+--------+--------+--------+--------+-----+--------+

Top non-repeatable levels by time:
     D:1: 1529 daAuts
     D:6: 1359 daAuts
     D:2: 1250 daAuts
     D:5: 1146 daAuts
     D:3: 1059 daAuts
     D:4: 679 daAuts
     D:7: 594 daAuts
 Abyss:1: 6 daAuts
